 Dungeon Crawl Stone Soup version 0.27-a0-1154-gfdeffcb720 (webtiles) character file.

Game seed: 11464575943185583605

175 inmateoo the Magician (level 5, -3/38 HPs)
             Began as a Djinni Fire Elementalist on May 14, 2021.
             Slain by an adder (5 damage)
             ... on level 3 of the Dungeon.
             The game lasted 00:05:18 (4132 turns).

inmateoo the Magician (Djinni Fire Elementalist)    Turns: 4132, Time: 00:05:18

Health: -3/38      AC:  2    Str:  7    XL:     5   Next: 86%
Gold:   136        EV: 12    Int: 18    God:
                   SH:  0    Dex: 13

rFire    + + .     SeeInvis .   h - +0 hand axe (elec)
rCold    x . .     Faith    .   (no shield)
rNeg     . . .     Spirit   .   a - +0 robe
rPois    ∞         Reflect  .   (no helmet)
rElec    .         Harm     .   (no cloak)
rCorr    .         Rampage  .   (no gloves)
Will     .....                  (boots unavailable)
Stlth    ++........             (no amulet)
HPRegen  0.12/turn              (no ring)
MPRegen  0.00/turn              (no ring)

@: flying
A: sickness immunity, fire resistance 2, cold vulnerability 1, float, innate
caster, hp casting, extra vitality 1
a: no special abilities


You were on level 3 of the Dungeon.
You visited 1 branch of the dungeon, and saw 3 of its levels.

You collected 136 gold pieces.

Inventory:

Hand Weapons
 h - a +0 hand axe of electrocution (weapon)
Missiles
 d - 4 silver boomerangs (quivered)
Armour
 a - a +0 robe (worn)
Scrolls
 b - a scroll of enchant weapon {unknown}
 c - a scroll of noise {unknown}
 f - 2 scrolls of identify {unknown}


   Skills:
 * Level 2.2 Fighting
 + Level 2.8 Dodging
 - Level 2.0 Stealth
 + Level 3.9 Spellcasting


You couldn't memorise any spells.
You knew the following spells:

 Your Spells              Type           Power      Damage    Failure   Level
a - Foxfire               Conj/Fire      68%        2x1d7     3%          1
b - Conjure Flame         Conj/Fire      17%        6-21      9%          3
c - Inner Flame           Hex/Fire       17%        N/A       9%          3
d - Sticky Flame          Conj/Fire      17%        2d4       30%         4
e - Fireball              Conj/Fire      8%         3d6       63%         5
f - Sandblast             Erth           34%        2d9       3%          1
g - Blink                 Tloc           N/A        N/A       4%          2
Your spell library was empty.

Dungeon Overview and Level Annotations

Branches:
Dungeon (3/15)

Altars:
Trog
Uskayaw


Innate Abilities, Weirdness & Mutations

You are immune to sickness and miasma.
You are immune to poison.
Your flesh is very heat resistant. (rF++)
You are vulnerable to cold. (rC-)
You float through the air rather than walking.
You learn spells naturally, not from books.
Your magical power is your life essence.
You have superior vitality. (+4 HP)


Message History

Unknown command.
You aren't carrying any potions.
Throw: 5 boomerangs (silver)
Press: ? - help, Q - select action, (/) - cycle Shift-Dir - straight line, f/p - adder
Aim: an adder (heavily wounded, 38% to hit)
You throw a silver boomerang.
The silver boomerang hits the adder but does no damage.
The adder is severely wounded.
Throw: 5 boomerangs (silver)
Press: ? - help, Q - select action, (/) - cycle Shift-Dir - straight line, f/p - adder
Aim: an adder (severely wounded, 38% to hit)
You throw a silver boomerang. The silver boomerang misses the adder.
Unknown command.
Throw: 5 boomerangs (silver)
Press: ? - help, Q - select action, (/) - cycle Shift-Dir - straight line, f/p - adder
Aim: an adder (severely wounded, 38% to hit)
You throw a silver boomerang. The silver boomerang misses the adder.
The adder closely misses you.
Unknown command.
Throw: boomerang (disperse)
Press: ? - help, Q - select action, (/) - cycle Shift-Dir - straight line, f/p - adder
Aim: an adder (severely wounded, 38% to hit)
You throw a boomerang of dispersal.
The boomerang of dispersal closely misses the adder.
The adder closely misses you.
Unknown command.
Throw: 4 boomerangs (silver)
Press: ? - help, Q - select action, (/) - cycle Shift-Dir - straight line, f/p - adder
Aim: an adder (heavily wounded, 38% to hit)
You throw a silver boomerang.
The silver boomerang barely misses the adder.
The adder barely misses you. The adder closely misses you.
You barely miss the adder.
The adder is heavily wounded.
The adder bites you but does no damage. x2
Unknown command.
You closely miss the adder.
The adder is heavily wounded.
The adder bites you.
You die...

. #......8....... ..
#...8...8...#. ... ####
#............ .... #..
#.8.....8)._. #...###.#
#............ #.†.#)###
#..8...8.†.#. #.#†....#
#....8....... #
##.##.##########.........###
#.##......@S##..#.#.#..##
#$#########.....#.....## #.#
#####......## #.# ###...>..
..# ##.#..## .## .##.# ## .#


You could see an adder.

Vanquished Creatures
  A bullfrog (D:2)
  An iguana (D:1)
  2 adders (D:2)
  2 worms (D:2)
  2 dart slugs
  5 orcs
  4 endoplasms
  2 giant cockroaches
  A goblin (D:1)
  2 hobgoblins
  14 jackals
  3 kobolds
  A quokka (D:1)
  4 ball pythons
  2 bats (D:1)
  3 frilled lizards
  2 rats
51 creatures vanquished.

Vanquished Creatures (others)
  152 foxfires
152 creatures vanquished.

Grand Total: 203 creatures vanquished

Notes
Turn   | Place    | Note
-------+----------+-------------------------------------------
     0 | D:1      | inmateoo the Djinni Fire Elementalist began the quest for
                  | the Orb.
     0 | D:1      | Reached XP level 1. HP: 15/15 MP: 0/0
   321 | D:1      | Reached XP level 2. HP: 21/22 MP: 0/0
   792 | D:1      | Reached skill level 1 in Fighting
   802 | D:1      | Reached XP level 3. HP: 14/27 MP: 0/0
   802 | D:1      | Learned a level 1 spell: Sandblast
  1404 | D:2      | Reached skill level 3 in Spellcasting
  1570 | D:2      | Noticed a bullfrog
  1580 | D:2      | Killed a bullfrog
  1581 | D:2      | Reached XP level 4. HP: 12/33 MP: 0/0
  1581 | D:2      | Reached XP level 5. HP: 14/38 MP: 0/0
  1581 | D:2      | Learned a level 2 spell: Blink
  2419 | D:3      | Found a bloodstained altar of Trog.
  2433 | D:3      | Found a hide-covered altar of Uskayaw.
  4120 | D:3      | HP: 1/38 [adder (2)]
  4132 | D:3      | Slain by an adder

Illustrated notes

Levels and vault maps discovered:
D:1:      tarquinn_simple_flora_water_e, layout_loops_ring
D:2:      layout_loops_ring
D:3:      layout_rooms, nicolae_overflow_crystal_walls,
          nicolae_uskayaw_dance_hall, portal_sewer_entry_d,
          ebering_ecumenical_altar_mist

Skill      XL: |  1  2  3  4  5 |
---------------+----------------+-----
Fighting       | 1 2 |  2.2
Spellcasting   | 3 |  3.9
Stealth        | 2 |  2.0
Dodging        | |  2.8

Action                   |  1- 3 |  4- 6 || total
-------------------------+-------+-------++-------
Melee: Unarmed           |     6 |     4 ||    10
       Hand axe          |       |     8 ||     8
Throw: Boomerang         |     2 |    10 ||    12
 Cast: Foxfire           |    70 |    66 ||   136
       Blink             |       |     5 ||     5
       Conjure Flame     |       |     1 ||     1
  Use: Potion            |       |     1 ||     1
 Stab: Sleeping          |     1 |       ||     1
Armor: Robe              |    16 |    17 ||    33
Dodge: Dodged            |    50 |    62 ||   112

Table legend: (Time is in decaauts)
 A = Elapsed time spent in this place.
 B = Non-inter-level travel time spent in this place.
 C = Inter-level travel time spent in this place.
 D = Time resting spent in this place.
 E = Time spent auto-exploring this place.
 F = Levels seen in this place.
 G = Mean time per level.
                   A        B        C        D        E       F      G
               +--------+--------+--------+--------+--------+-----+--------+
         Total |   4145 |   4050 |     95 |   2449 |    891 |   3 | 1381.7 |
       Dungeon |   4145 |   4050 |     95 |   2449 |    891 |   3 | 1381.7 |
               +--------+--------+--------+--------+--------+-----+--------+

Top non-repeatable levels by time:
     D:1: 2000 daAuts
     D:2: 1945 daAuts
     D:3: 200 daAuts
